 Dungeon Crawl Stone Soup version 0.19-a0-1888-g6ba2374 (webtiles) character file.

107 Naow the Shield-Bearer (level 5, -1/41 HPs)
             Began as a Formicid Fighter on Oct 17, 2016.
             Slain by Naow's ghost (3 damage)
             ... on level 3 of the Dungeon.
             The game lasted 00:02:19 (1604 turns).

Naow the Shield-Bearer (Formicid Fighter)           Turns: 1604, Time: 00:02:20

Health: -1/41      AC:  6    Str: 21    XL:     5   Next: 11%
Magic:  5/5        EV:  8    Int:  8    God:
Gold:   113        SH: 10    Dex: 10    Spells: 0 memorised, 4 levels left

rFire  . . .     SeeInvis +     a - +0 war axe
rCold  . . .     Gourm    .     b - +0 scale mail
rNeg   . . .     Faith    .     c - +0 shield
rPois  .         Spirit   .     (helmet unavailable)
rElec  .         Dismiss  .     (no cloak)
rCorr  .         Reflect  .     (no gloves)
MR     .....     Harm     .     (no boots)
Stlth  ..........               (no amulet)
                                (no ring)
                                (no ring)

@: no status effects
A: permanent stasis, dig shafts and tunnels, four strong arms, antennae 3
a: Dig, Shaft Self


You were on level 3 of the Dungeon.
You were not hungry.

You visited 1 branch of the dungeon, and saw 3 of its levels.

You collected 113 gold pieces.

Inventory:

Hand Weapons
 a - a +0 war axe (weapon)
Armour
 b - a +0 scale mail (worn)
 c - a +0 shield (worn)
Wands
 p - a wand of random effects (9/48)
Scrolls
 e - a scroll of fear {unknown}
 k - a scroll of magic mapping {unknown}
 l - 2 scrolls of teleportation {unknown}
 n - a scroll of enchant weapon {unknown}
 o - a scroll of identify {unknown}
Potions
 d - 2 potions of might
 i - a potion of berserk rage {unknown}
 j - a potion of heal wounds {unknown}
Comestibles
 f - 4 bread rations
 g - 4 fruits
 h - 3 beef jerkies
 m - a meat ration
 q - 3 chunks of flesh


   Skills:
 - Level 3.3 Fighting
 + Level 3.4 Axes
 - Level 3.3 Armour
 + Level 5.3 Shields


You had 4 spell levels left.
You didn't know any spells.

Dungeon Overview and Level Annotations

Branches:
Dungeon (3/15)

Altars:
Nemelex Xobeh
The Shining One

Annotations:
D:3 Naow's ghost, amateur FoFi


Innate Abilities, Weirdness & Mutations

You are under a permanent stasis effect.
You can dig through walls and to a lower floor.
Your four strong arms can wield two-handed weapons with a shield.
You have a pair of large antennae on your head. (SInv)


Message History

You block Naow's ghost's attack.
You hit Naow's ghost.
Naow's ghost is heavily damaged.
Naow's ghost hits you! You block Naow's ghost's attack.
You hit Naow's ghost.
Naow's ghost is severely damaged.
Naow's ghost hits you!
You hit Naow's ghost.
Naow's ghost is severely damaged.
Naow's ghost hits you!
* * * LOW HITPOINT WARNING * * *
You block Naow's ghost's attack.
You closely miss Naow's ghost.
Naow's ghost is severely damaged.
Naow's ghost hits you.
* * * LOW HITPOINT WARNING * * *
You hit Naow's ghost but do no damage.
Naow's ghost is severely damaged.
Naow's ghost hits you.
You die...

.##..8.8..##...#.#
..#'..8..##..#.#.# .#
+..##...##..##.#.# .#
#...##.##..###.#.# .#
.....###..## #.#.# .#
.###..#..#####.#.# .#
+##...#........#.##.####..
≈≈###...#.................
≈≈+.............@W........
≈≈###..##.......####......
'##.############# .....
....# .... ....# ... ....#
.. >...# . ....# ....#


You could see Naow's ghost.

Vanquished Creatures
  Ijyb (D:2)
  3 adders
  3 leopard geckos
  2 orcs (D:3)
  A ball python (D:2)
  7 bats
  10 hobgoblins
  7 jackals
  A quokka (D:2)
  2 frilled lizards
  4 goblins
  4 kobolds
  2 rats
47 creatures vanquished.

Notes
Turn   | Place    | Note
-------+----------+-------------------------------------------
     0 | D:1      | Naow the Formicid Fighter began the quest for the Orb.
     0 | D:1      | Reached XP level 1. HP: 18/18 MP: 1/1
   137 | D:1      | Reached XP level 2. HP: 24/24 MP: 2/2
   199 | D:1      | Reached skill level 4 in Shields
   520 | D:2      | Reached XP level 3. HP: 28/29 MP: 3/3
   680 | D:2      | Noticed Ijyb
   690 | D:2      | Killed Ijyb
   690 | D:2      | Reached skill level 5 in Shields
   690 | D:2      | Reached XP level 4. HP: 32/35 MP: 4/4
  1347 | D:3      | Found a glowing golden altar of the Shining One.
  1360 | D:3      | Found a sparkling altar of Nemelex Xobeh.
  1376 | D:3      | Reached XP level 5. HP: 29/41 MP: 5/5
  1590 | D:3      | Noticed Naow's ghost (amateur FoFi)
  1603 | D:3      | HP: 2/41 [Naow's ghost (3)]
  1604 | D:3      | Slain by Naow's ghost

Vault maps used:
D:1:      saegor_arrival_simple_b, minmay_stone_trees_small
D:2:      uniq_iyjb
D:3:      lemuel_doored_altar, lemuel_crystal_altar, minmay_misc_feat_roman,
          minmay_liquid_box, tso_metal_star

Skill      XL: |  1  2  3 |
---------------+----------+-----
Shields        | 4 5 |  5.3
Axes           | 3 |  3.4
Fighting       | |  3.3
Armour         | |  3.3

Action                   |  1- 3 |  4- 6 || total
-------------------------+-------+-------++-------
Melee: War axe           |    83 |    96 ||   179
  Eat: Chunk             |       |     3 ||     3
Armor: Scale mail        |    47 |    44 ||    91
Dodge: Dodged            |    29 |    28 ||    57
Block: Shield            |    57 |    61 ||   118
